 Dungeon Crawl Stone Soup version 0.27-a0-1528-g90fbb72469 (webtiles) character file.

Game seed: 3572385687415111321

93 Morbidden the Conjurer (level 4, -3/35 HPs)
             Began as a Draconian Conjurer on July 11, 2021.
             Killed from afar by an orc wizard (12 damage)
             ... with a puff of flame
             ... on level 3 of the Dungeon.
             The game lasted 00:02:11 (3489 turns).

Morbidden the Conjurer (Draconian Conjurer)         Turns: 3489, Time: 00:02:12

Health: -3/35      AC:  5    Str: 10    XL:     4   Next: 36%
Magic:  7/7        EV: 12    Int: 19    God:
Gold:   134        SH:  0    Dex:  9    Spells: 4/7 levels left

rFire    . . .     SeeInvis .   a - +0 dagger (venom)
rCold    . . .     Faith    .   (no shield)
rNeg     . . .     Spirit   .   (armour unavailable)
rPois    .         Reflect  .   (helmet restricted)
rElec    .         Harm     .   (no cloak)
rCorr    .         Rampage  .   (no gloves)
Will     .....                  (no boots)
Stlth    ++........             (no amulet)
HPRegen  0.11/turn              (no ring)
MPRegen  0.10/turn              (no ring)

@: no status effects
A: AC +5, unfitting armour, cold-blooded
a: no special abilities


You were on level 3 of the Dungeon.
You visited 1 branch of the dungeon, and saw 3 of its levels.

You collected 134 gold pieces.

Inventory:

Hand Weapons
 a - a +0 dagger of venom (weapon)
Jewellery
 b - a ring of ice
Scrolls
 d - a scroll of enchant armour {unknown}
 e - a scroll of fog {unknown}
 f - a scroll of vulnerability {unknown}
 g - a scroll of holy word {unknown}
Potions
 c - a potion of curing {unknown}


   Skills:
 * Level 1.0 Fighting
 + Level 0.1 Short Blades
 * Level 2.7 Dodging
 + Level 1.9 Stealth
 * Level 0.2 Unarmed Combat
 * Level 2.4 Spellcasting
 * Level 4.8 Conjurations


You had 4 spell levels left.
You knew the following spells:

 Your Spells              Type           Power      Damage    Failure   Level
a - Magic Dart            Conj           80%        1d7       2%          1
b - Searing Ray           Conj           40%        3d4       3%          2

Your spell library contained the following spells:

 Spells                   Type           Power      Damage    Failure   Level
 Freeze                   Ice            8%         1d3       16%         1
 Dazzling Flash           Conj/Hex       22%        N/A       19%         3
 Mephitic Cloud           Conj/Pois/Air  8%         N/A       26%         3
 Frozen Ramparts          Ice            4%         1d2       43%         3
 Ignite Poison            Fire/Tmut/Pois 2%         N/A       43%         3
 Fulminant Prism          Conj/Hex       5%         3d7       52%         4
 Hailstorm                Conj/Ice       11%        3d5       52%         4
 Iskenderun's Mystic Bla  Conj/Tloc      11%        2d4       52%         4
 Bolt of Magma            Conj/Fire/Erth 4%         4d5       93%         5


Dungeon Overview and Level Annotations

Branches:
Dungeon (3/15)

Altars:


Innate Abilities, Weirdness & Mutations

Your plain brown scales are hard. (AC +5)
You cannot fit into any form of body armour.
You are cold-blooded and may be slowed by cold attacks.


Message History

You bump into the rock wall.
The orc hits you but does no damage. Something hits you.
You closely miss the orc. The orc misses you. Something barely misses you.
You bump into the rock wall.
The orc hits you but does no damage. Something hits you but does no damage.
You bump into the rock wall.
The orc misses you.
You hear some strange, mumbled words.
A puff of flame appears from out of thin air!
The puff of flame misses you.
You bump into the rock wall.
The orc hits you with a +0 short sword. Something hits you.
You miss the orc.
You feel less confused. The orc closely misses you.
You hear some strange, mumbled words.
You are confused.
Unknown command.
The goblin shouts!
Found a stone staircase leading down.
You hit the orc.
The orc is heavily wounded.
The orc closely misses you.
You bump into the rock wall.
The orc completely misses you.
You bump into the rock wall.
You feel less confused.
You hit something but do no damage. The orc hits you with a +0 short sword.
* * * LOW HITPOINT WARNING * * *
Something hits you but does no damage.
You closely miss something. The goblin closely misses you. The orc misses you.
Something hits you but does no damage.
You barely miss something.
Your tail-slap misses something.
The goblin hits you but does no damage. The orc hits you but does no damage.
Something hits you.
* * * LOW HITPOINT WARNING * * *
You miss something. The goblin hits you but does no damage.
The orc barely misses you.
You hear some strange, mumbled words.
A puff of flame appears from out of thin air!
The puff of flame hits you!
You die...

.............###........# #.##.#
......##....##>##.......# #.##.#
......####### ..#.......# #.##.#
+####'#### ⌠.#.......## #.##.# .#
#.....# .#.......##.#'##.# .#
#.....# .#.......##......# .#
#.....##### #.........+......#
.###.....##..)##og.#+###.#......#
...'.....#>.⌠).{@⌠...............
..##.....##...##...........####+#
..##.....##### #.##.####.........
............# +#................
.############ #................
.########## ###.#######......
.#........# #.......# #......
..........# ###.....# #...)..
..........# ### #.....# #####..


You could see an orc and a goblin.

Vanquished Creatures
  Terence (D:3)
  An adder (D:2)
  A worm (D:3)
  2 dart slugs
  3 orcs
  2 bats
  5 endoplasms
  5 giant cockroaches
  6 goblins
  8 jackals
  3 ball pythons
  2 frilled lizards (D:2)
  A kobold (D:3)
  2 rats (D:3)
42 creatures vanquished.

Notes
Turn   | Place    | Note
-------+----------+-------------------------------------------
     0 | D:1      | Morbidden the Draconian Conjurer began the quest for the
                  | Orb.
     0 | D:1      | Reached XP level 1. HP: 14/14 MP: 3/3
   978 | D:1      | Found a faded altar of an unknown god.
  1220 | D:1      | Reached XP level 2. HP: 20/20 MP: 0/5
  1370 | D:1      | Learned a level 2 spell: Searing Ray
  1902 | D:2      | Reached XP level 3. HP: 26/26 MP: 3/6
  2995 | D:3      | Noticed Terence
  3013 | D:3      | Killed Terence
  3014 | D:3      | Reached XP level 4. HP: 15/34 MP: 7/7
  3233 | D:3      | Reached skill level 1 in Fighting
  3489 | D:3      | Killed from afar by an orc wizard

Illustrated notes

Levels and vault maps discovered:
D:1:      evilmike_arrival_rings, layout_basic, ebering_ecumenical_altar_webs,
          amethyst_killhole
D:2:      layout_basic, st_stairs_1
D:3:      layout_basic, grunt_ministairs_4, uniq_terence

Skill      XL: |  1  2  3  4 |
---------------+-------------+-----
Dodging        | 2 |  2.7
Fighting       | 1 |  1.0
Short Blades   | |  0.1
Stealth        | |  1.9
Unarmed Combat | |  0.2
Spellcasting   | |  2.4
Conjurations   | |  4.8

Action                   |  1- 3 |  4- 6 || total
-------------------------+-------+-------++-------
Melee: Unarmed           |   124 |       ||   124
       Tailslap          |    13 |     7 ||    20
       Dagger            |    15 |    45 ||    60
 Cast: Magic Dart        |    45 |       ||    45
       Searing Ray       |     5 |       ||     5
Armor: Skin              |    51 |    30 ||    81
Dodge: Dodged            |   101 |    48 ||   149

Table legend: (Time is in decaauts)
 A = Elapsed time spent in this place.
 B = Non-inter-level travel time spent in this place.
 C = Inter-level travel time spent in this place.
 D = Time resting spent in this place.
 E = Time spent auto-exploring this place.
 F = Levels seen in this place.
 G = Mean time per level.
                   A        B        C        D        E       F      G
               +--------+--------+--------+--------+--------+-----+--------+
         Total |   3489 |   3457 |     32 |      0 |   3051 |   3 | 1163.0 |
       Dungeon |   3489 |   3457 |     32 |      0 |   3051 |   3 | 1163.0 |
               +--------+--------+--------+--------+--------+-----+--------+

Top non-repeatable levels by time:
     D:1: 1594 daAuts
     D:2: 959 daAuts
     D:3: 935 daAuts
